 Dungeon Crawl Stone Soup version 0.18-a0-960-g77c8fc5 (webtiles) character file.

173707 MaterialSchas the Tortoise (level 17, -1/142 HPs)
             Began as a Minotaur Fighter on Dec 30, 2015.
             Was an Elder of Okawaru.
             Killed from afar by a Hell Sentinel (42 damage)
             ... with an iron shot
             ... summoned by a deep elf demonologist
             ... on level 3 of the Elven Halls on Dec 31, 2015.
             The game lasted 02:52:02 (28106 turns).

MaterialSchas the Tortoise (Minotaur Fighter)      Turns: 28106, Time: 02:52:02

Health: -1/142     AC: 37    Str: 29    XL:     17   Next: 43%
Magic:  25/25      EV: 15    Int:  5    God:    Okawaru [****..]
Gold:   2977       SH: 25    Dex: 15    Spells: 0 memorised, 16 levels left

rFire  + . .     SeeInvis +     M - +2 scimitar (flame)
rCold  . . .     Gourm    .     X - +2 plate armour {MR+}
rNeg   . . .     Faith    .     a - +0 large shield
rPois  .         Spirit   .     b - +3 hat of Prudence {rElec rF+ Regen+ SInv}
rElec  +         Dismiss  .     m - +2 cloak
rCorr  .         Reflect  .     U - +2 pair of gloves {Dex+3}
SustAt .         Harm     .     u - +1 pair of boots
MR     ++...                    o - amulet of regeneration
Stlth  ..........               S - +4 ring of evasion
                                G - +5 ring of strength

@: about to teleport, heroism, very resistant to hostile enchantments, extremely
unstealthy
A: retaliatory headbutt, horns 2, thin skeletal structure 1, blurry vision 1,
dopey 1, frail 1, weak 1, subdued magic 1
a: Heroism, Renounce Religion


You were on level 3 of the Elven Halls.
You worshipped Okawaru.
Okawaru was greatly pleased with you.
You were not hungry.

You visited 5 branches of the dungeon, and saw 29 of its levels.
You also visited: Ice Cave and Volcano.

You collected 3238 gold pieces.
You spent 261 gold pieces at shops.

Inventory:

Hand Weapons
 g - the +7 falchion of Innocence {slice, rPois rN+ Str+2}
   (You found it on level 7 of the Lair of Beasts)

   It inflicts extra damage upon your enemies.
   It affects your strength (+2).
   It protects you from poison.
   It protects you from negative energy.
 z - the +1 falchion of Guilt {vamp, rPois rC+ MR- Int+4}
   (Okawaru gifted it to you on level 2 of the Orcish Mines)

   It inflicts no extra harm, but heals its wielder somewhat when it strikes a
   living foe.
   It affects your intelligence (+4).
   It protects you from cold.
   It protects you from poison.
   It affects your resistance to hostile enchantments.
 B - a +0 scimitar of freezing
 I - a +3 scimitar of holy wrath
 M - a +2 scimitar of flaming (weapon)
Armour
 a - a +0 large shield (worn)
 b - the +3 hat of Prudence (worn) {rElec rF+ Regen+ SInv}
   (Okawaru gifted it to you on level 14 of the Dungeon)

   It protects you from fire.
   It insulates you from electricity.
   It lets you see invisible.
   It increases your rate of regeneration.
 m - a +2 cloak (worn)
 s - the +4 scale mail of Darkness {*Drain rCorr Int+3 Slay+4, unknown}
   (You took it off a deep elf blademaster on level 3 of the Elven Halls)

   It affects your intelligence (+3).
   It affects your accuracy and damage with ranged weapons and melee attacks
   (+4).
   It protects you from acid and corrosion.
   It causes draining when unequipped.
 t - the +3 chain mail of the Moneychanger {rC- rN+ Dex+2, unknown}
   (You took it off a deep elf high priest on level 3 of the Elven Halls)

   It affects your dexterity (+2).
   It makes you vulnerable to cold.
   It protects you from negative energy.
 u - a +1 pair of boots (worn)
 E - the -5 pair of boots of Vlad {rCorr}
   (Okawaru gifted it to you on level 4 of the Lair of Beasts)

   It protects you from acid and corrosion.
 P - the +3 ring mail "Esiunuw" {rF- MR++ Str+8, unknown}
   (You took it off a deep elf master archer on level 3 of the Elven Halls)

   It affects your strength (+8).
   It makes you vulnerable to fire.
   It affects your resistance to hostile enchantments.
 U - a +2 pair of gloves of dexterity (worn)
 W - the +2 pair of gloves of Jint {*Confuse rElec rN+++ Str+4}
   (You found it on level 15 of the Dungeon)

   It affects your strength (+4).
   It insulates you from electricity.
   It renders you almost immune to negative energy.
   It may confuse you when you take damage.
 X - a +2 plate armour of magic resistance (worn)
Jewellery
 k - an uncursed amulet of rage {unknown}
 o - an amulet of regeneration (around neck)
 D - an uncursed amulet of resist corrosion
 G - a +5 ring of strength (left hand)
 S - a +4 ring of evasion (right hand)
 T - an uncursed ring of protection from fire {unknown}
Wands
 x - a wand of digging (12/24)
 F - a wand of teleportation (1/9)
 L - a wand of hasting (3/9)
Scrolls
 c - a scroll of holy word
 e - 7 scrolls of remove curse
 p - 8 scrolls of enchant weapon
 y - 4 scrolls of fog
 A - 8 scrolls of recharging
 H - 4 scrolls of blinking
 J - 4 scrolls of enchant armour
 K - 3 scrolls of magic mapping
 R - 6 scrolls of identify
 Y - 2 scrolls of summoning
 Z - a scroll of fear
Potions
 d - 3 potions of might
 h - 5 potions of agility
 i - 10 potions of curing
 q - a potion of berserk rage
 r - 5 potions of heal wounds
 v - 3 potions of haste
 w - 2 potions of cure mutation
 N - 3 potions of resistance
 O - 5 potions of cancellation
 Q - a potion of invisibility
Comestibles
 f - 21 bread rations
 j - 15 fruits
 l - 8 slices of pizza
 n - 8 meat rations
 C - a chunk of flesh


   Skills:
 * Level 15.8(20.8) Fighting
 + Level 16.2(21.2) Long Blades
 * Level 20.3(25.3) Armour
 * Level 15.9(20.9) Shields
 + Level 12.3 Invocations
 - Level 0.1 Evocations


You had 16 spell levels left.
You didn't know any spells.

Dungeon Overview and Level Annotations

Branches:
Dungeon (15/15)            Temple (1/1) D:4            Lair (8/8) D:11
  Swamp (0/4) Lair:4        Snake (0/4) Lair:6        Slime (0/6) Lair:8
    Orc (2/2) D:10            Elf (3/3) Orc:2        Vaults (0/5) D:14
 Depths (0/5) D:15

Altars:
Ashenzari
Cheibriados
Dithmenos
Elyvilon
Fedhas
Gozag
Kikubaaqudgha
Makhleb
Nemelex Xobeh
Okawaru
Pakellas
Qazlal
Ru
Sif Muna
Trog
Vehumet
Xom
Yredelemnul
Zin
The Shining One

Shops:
D:5 *   D:7 [   D:8 (   D:9 *   D:10 }=   Orc:2 *(}%*

Annotations:
D:3 Sigmund
D:9 Erolcha, Psyche
Lair:8 1 exclusion
Elf:2 3 runed doors


Innate Abilities, Weirdness & Mutations

You reflexively headbutt those who attack you in melee.
You have a pair of horns on your head.
You have a somewhat thin skeletal structure (Dex +2, Stealth).
Scrolls take you a little longer to read.
You are dopey. (Int -2)
You are frail (-10% HP).
You are weak. (Str -2)
Your spells are a little easier to cast, but a little less powerful.


Message History

The hellfire explodes!
The blast of hellfire engulfs you!
The blast of hellfire engulfs the Hell Sentinel.
The Hell Sentinel completely resists.
You hit the Hell Sentinel but do no damage.
You headbutt the Hell Sentinel.
The Hell Sentinel is lightly wounded.
Evoke which item? (* to show all) (? for menu, Esc to quit)
Zapping:
F - a wand of teleportation (2/9)
Press: ? - help, Shift-Dir - straight line, f - you You feel strangely unstable.
This wand has 1 charge left.
The Hell Sentinel gestures at you.
The hellfire explodes!
The blast of hellfire engulfs you!
* * * LOW HITPOINT WARNING * * *
The blast of hellfire engulfs the Hell Sentinel.
The Hell Sentinel completely resists.
You hit the Hell Sentinel. You headbutt the Hell Sentinel.
The Hell Sentinel is lightly wounded.
The Hell Sentinel gestures at you. The iron shot hits you!
You die...

###..............
####................
#.#.................
#.'........⌠..⌠.....
#.#.................
#.##................
#..##.######..######
#...###...≈≈.%≈≈...#.
#....@1e..≈≈..≈≈.....
#.#####2..≈≈..≈≈...#
#.# #...≈≈..≈≈...#
#.. ######.)######
#.# #).# #. #..# #.)#
#.)# #..#


You could see a Hell Sentinel, a hell beast and a deep elf demonologist.

Vanquished Creatures
  A deep elf blademaster (Elf:3)
  A deep elf master archer (Elf:3)
  4 deep elf sorcerers (Elf:3)
  A deep elf elementalist (Elf:3)
  Maud (D:13)
  A stone giant (Orc:2)
  4 deep elf demonologists (Elf:3)
  Nessos (D:14)
  4 deep elf annihilators (Elf:3)
  4 vault guards (D:14)
  3 deep elf death magi (Elf:3)
  3 deep elf high priests
  Harold (Orc:1)
  A rakshasa (D:12)
  The ghost of PinkishYellow the Severer, a journeyman MiBe of Trog (Lair:3)
  8 hydras
  4 centaur warriors
  6 ogre magi
  A catoblepas (Lair:5)
  17 dancing weapons
  4 death yaks (Lair:6)
  3 orc high priests
  11 deep elf knights
  9 skeletal warriors
  An iron troll (Orc:2)
  3 unseen horrors
  15 deep elf archers
  A deep troll (Orc:2)
  6 cyclopes
  An orc sorcerer (Orc:2)
  An orc knight (Orc:2)
  2 wolf spider zombies
  54 deep elf magi
  A necromancer (IceCv)
  An orb spider (shapeshifter) (D:15)
  A manticore (D:12)
  7 hill giants
  A lindwurm (Lair:8)
  A hornet (Lair:8)
  6 griffons
  13 ugly things
  3 elephants (Lair:5)
  Maurice (D:8)
  2 torpor snails (Lair:8)
  3 ice statues (IceCv)
  3 naga magi
  8 black mambas
  2 kobold demonologists
  15 spiny frogs
  A yaktaur (shapeshifter) (D:15)
  7 komodo dragons
  4 ice devils (IceCv)
  12 trolls
  A freezing wraith (D:14)
  A wolf spider simulacrum (D:15)
  14 two-headed ogres
  3 polar bears
  A giant leech (Lair:4)
  3 blink frogs (Lair:5)
  A boulder beetle (D:12)
  16 slime creatures
  3 air elementals
  A redback (Lair:8)
  3 trapdoor spiders
  2 water elementals (Elf:1)
  A spriggan (D:8)
  A centaur simulacrum (D:12)
  2 fire elementals
  A yak (shapeshifter) (Elf:3)
  4 vampires
  41 yaks
  4 basilisks
  2 wyverns (Lair:8)
  Grum (D:9)
  2 hungry ghosts
  2 wraiths
  2 wargs (Elf:1)
  11 wolves
  11 hippogriffs
  A vampire mosquito (D:12)
  4 mottled dragons
  A steam dragon (Lair:7)
  A swamp worm (Lair:4)
  7 porcupines
  A soldier ant (D:15)
  15 water moccasins
  42 ogres
  12 wasps
  4 sky beasts
  A swamp drake (D:10)
  21 orc warriors
  4 ice beasts
  An eye of draining (D:11)
  3 necrophages
  2 boggarts
  2 black bears
  7 centaurs
  12 crocodiles
  2 big kobolds
  17 giant frogs
  A water moccasin zombie (D:10)
  2 wyvern skeletons
  3 scorpions
  17 killer bees
  17 wights
  4 electric eels
  6 crimson imps
  A quasit (D:6)
  5 centaur zombies
  7 hounds
  2 giant frog skeletons
  2 giant frog zombies
  Crazy Yiuf (D:6)
  16 jellies
  9 orc priests
  11 orc wizards
  4 centaur skeletons
  15 worker ants
  6 iguanas
  3 spriggan simulacra (IceCv)
  A killer bee zombie (D:8)
  10 sheep
  2 troll simulacra (IceCv)
  A worker ant zombie (D:7)
  Robin (D:2)
  7 gnolls
  An ogre simulacrum (IceCv)
  19 adders
  56 river rats
  A shadow imp (D:12)
  4 naga simulacra (IceCv)
  2 white imps (D:12)
  3 oozes
  An ufetubus (D:12)
  An adder skeleton (D:4)
  4 worms
  2 giant geckos
  76 orcs
  2 ball pythons
  6 bats
  5 giant cockroaches
  17 goblins
  9 hobgoblins
  6 jackals
  12 kobolds
  4 quokkas
  A giant gecko skeleton (D:5)
  6 giant newts
  A jackal skeleton (D:4)
  A jackal zombie (D:7)
  A quokka skeleton (D:6)
  A quokka zombie (D:5)
  7 rats
  3 fungi
970 creatures vanquished.

Vanquished Creatures (collateral kills)
  An orc (D:8)
1 creature vanquished.

Vanquished Creatures (others)
  2 deep elf knights (Elf:2)
  A water elemental (Elf:1)
  An ogre (D:10)
  An electric eel (Elf:1)
  A centaur skeleton (D:7)
  2 orcs (D:10)
  A quokka (D:7)
  5 fungi
  18 plants (Lair:8)
32 creatures vanquished.

Grand Total: 1003 creatures vanquished

Notes
Turn   | Place    | Note
--------------------------------------------------------------
     0 | D:1      | MaterialSchas the Minotaur Fighter began the quest for the Orb.
     0 | D:1      | Reached XP level 1. HP: 19/19 MP: 0/0
    90 | D:1      | Reached XP level 2. HP: 17/26 MP: 1/1
   223 | D:1      | Reached skill level 4 in Long Blades
   384 | D:1      | Reached XP level 3. HP: 31/31 MP: 2/2
   601 | D:2      | Noticed Robin
   608 | D:2      | Killed Robin
   635 | D:2      | Reached skill level 5 in Long Blades
   871 | D:2      | Reached XP level 4. HP: 36/39 MP: 3/3
  1369 | D:3      | Noticed Sigmund
  1382 | D:3      | Found a sacrificial altar of Ru.
  1467 | D:4      | Reached skill level 6 in Long Blades
  1467 | D:4      | Reached XP level 5. HP: 39/45 MP: 4/4
  1539 | D:4      | Found an oddly glowing altar of Pakellas.
  1541 | D:4      | Found a shimmering altar of Xom.
  1710 | D:4      | Found a basalt altar of Yredelemnul.
  1750 | D:4      | Found a staircase to the Ecumenical Temple.
  1758 | Temple   | Entered the Ecumenical Temple
  2071 | D:5      | Entered Level 5 of the Dungeon
  2071 | D:5      | Found Zocetso's Assorted Antiques.
  2118 | D:4      | Gained mutation: Your muscles are strong. (Str +2) [potion of mutation]
  2118 | D:4      | Gained mutation: Your spells are a little easier to cast, but a little less powerful. [potion of mutation]
  2118 | D:4      | Gained mutation: You are frail (-10% HP). [potion of mutation]
  2119 | D:4      | Lost mutation: You are frail (-10% HP). [potion of cure mutation]
  2119 | D:4      | Lost mutation: Your muscles are strong. (Str +2) [potion of cure mutation]
  2119 | D:4      | Lost mutation: Your spells are a little easier to cast, but a little less powerful. [potion of cure mutation]
  2304 | D:5      | Noticed an ice beast
  2308 | D:5      | Reached skill level 7 in Long Blades
  2356 | D:5      | Reached XP level 6. HP: 46/51 MP: 5/5
  2357 | D:5      | Reached skill level 5 in Armour
  2678 | D:5      | Found an iron altar of Okawaru.
  2706 | D:5      | Found a bloodstained altar of Trog.
  2713 | D:5      | Became a worshipper of Warmaster Okawaru
  2868 | D:3      | Found a deep blue altar of Sif Muna.
  2874 | D:3      | Found a blossoming altar of Fedhas.
  2878 | D:3      | Found a shadowy altar of Dithmenos.
  3392 | D:6      | Reached skill level 8 in Long Blades
  3663 | D:6      | Gained mutation: You have a somewhat thin skeletal structure (Dex +2, Stealth). [potion of beneficial mutation]
  3693 | D:6      | Reached XP level 7. HP: 32/58 MP: 6/6
  3849 | D:6      | Reached skill level 1 in Invocations
  3946 | D:6      | Found a sparkling altar of Nemelex Xobeh.
  3949 | D:6      | Found an opulent altar of Gozag.
  4243 | D:6      | Noticed Crazy Yiuf
  4251 | D:6      | Killed Crazy Yiuf
  4352 | D:7      | Reached * piety under Okawaru
  4424 | D:7      | Reached XP level 8. HP: 56/67 MP: 8/8
  4470 | D:7      | Got an encrusted war axe
  4533 | D:7      | Found an ancient bone altar of Kikubaaqudgha.
  4601 | D:7      | Reached skill level 5 in Shields
  4674 | D:7      | Found a radiant altar of Vehumet.
  4771 | D:7      | Found Reahuer's Antique Armour Boutique.
  4774 | D:7      | Bought a pair of boots for 117 gold pieces
  4872 | D:7      | Reached skill level 9 in Long Blades
  4921 | D:8      | Found Quyc's Antique Weapon Shop.
  4935 | D:8      | Bought a glowing scimitar for 144 gold pieces
  4974 | D:8      | Reached ** piety under Okawaru
  4974 | D:8      | Reached skill level 5 in Fighting
  5002 | D:8      | Noticed Maurice
  5041 | D:8      | Killed Maurice
  5041 | D:8      | Reached XP level 9. HP: 72/74 MP: 10/10
  5785 | D:9      | Reached *** piety under Okawaru
  5924 | D:9      | Noticed Grum
  5930 | D:9      | Killed Grum
  5931 | D:9      | Reached skill level 10 in Long Blades
  6006 | D:9      | Found Uloob's Assorted Antiques.
  6023 | D:9      | Noticed Erolcha
  6029 | D:9      | Noticed Psyche
  6183 | D:10     | Entered Level 10 of the Dungeon
  6198 | D:10     | Killed an unseen horror
  6198 | D:10     | Reached skill level 10 in Armour
  6198 | D:10     | Reached XP level 10. HP: 59/84 MP: 12/12
  6263 | D:10     | Reached skill level 5 in Invocations
  6330 | D:10     | Reached **** piety under Okawaru
  6589 | D:10     | Found Izuss's Jewellery Shop.
  6606 | D:10     | Found Niyn's Gadget Shoppe.
  6678 | D:10     | Reached skill level 11 in Armour
  6930 | D:10     | Found a staircase to the Orcish Mines.
  7083 | D:10     | Killed an unseen horror
  7153 | Orc:1    | Entered Level 1 of the Orcish Mines
  7399 | Orc:1    | Noticed Harold
  7421 | Orc:1    | Killed Harold
  7421 | Orc:1    | Reached XP level 11. HP: 50/94 MP: 14/14
  8111 | Orc:2    | Entered Level 2 of the Orcish Mines
  8166 | Orc:1    | Reached skill level 12 in Armour
  8257 | Orc:1    | Identified the cursed +2 war axe of Chaos {venom, rPois Dex+5} (You found it on level 7 of the Dungeon)
  8756 | D:11     | Noticed an eight-headed hydra
  8776 | D:11     | Killed a four-headed hydra
  8820 | D:11     | Noticed a seven-headed hydra
  8842 | D:11     | Killed a four-headed hydra
  8842 | D:11     | Received a gift from Okawaru
  8932 | D:11     | Found a staircase to the Lair.
  9061 | Lair:1   | Entered Level 1 of the Lair of Beasts
  9294 | Lair:1   | Reached skill level 13 in Armour
  9821 | Lair:2   | Reached ***** piety under Okawaru
 10090 | Lair:2   | Reached XP level 12. HP: 90/105 MP: 16/16
 10268 | Lair:3   | Noticed PinkishYellow's ghost (journeyman MiBe)
 10289 | Lair:3   | Killed PinkishYellow's ghost
 10848 | Lair:3   | Reached skill level 10 in Shields
 11589 | Lair:3   | Got a spiked scale mail
 11600 | Lair:3   | Identified the +0 scale mail of Lotorgh {Str+6} (You found it on level 3 of the Lair of Beasts)
 11928 | Lair:4   | Noticed an eight-headed hydra
 11938 | Lair:4   | Killed a four-headed hydra
 11938 | Lair:4   | Reached skill level 10 in Fighting
 11938 | Lair:4   | Reached skill level 14 in Armour
 12052 | Lair:4   | Received a gift from Okawaru
 12061 | Lair:4   | Got a pair of steaming boots {god gift}
 12075 | Lair:4   | Identified the -5 pair of boots of Vlad {rCorr} (Okawaru gifted it to you on level 4 of the Lair of Beasts)
 12445 | Lair:4   | Found a staircase to the Swamp.
 13027 | Lair:5   | Noticed a catoblepas
 13038 | Lair:5   | Killed a catoblepas
 13762 | Lair:6   | Reached XP level 13. HP: 85/114 MP: 18/18
 13890 | Lair:6   | Received a gift from Okawaru
 13901 | Lair:6   | Reached skill level 15 in Armour
 13909 | Lair:6   | Got a shadowed robe {god gift}
 13921 | Lair:6   | Identified the +1 robe of Slovenliness {-Tele rElec Dex+7 Slay-3} (Okawaru gifted it to you on level 6 of the Lair of Beasts)
 14092 | Lair:6   | Found a staircase to the Snake Pit.
 15050 | Lair:7   | Got a jewelled falchion
 15192 | Lair:8   | Entered Level 8 of the Lair of Beasts
 15442 | Lair:8   | Found a dark tunnel.
 15451 | Volcano  | Entered a volcano
 15646 | Volcano  | Reached skill level 16 in Armour
 15997 | Lair:8   | Received a gift from Okawaru
 16102 | Lair:8   | Reached XP level 14. HP: 119/125 MP: 20/20
 16174 | Lair:8   | Found a staircase to the Slime Pits.
 16447 | Lair:8   | Found a runed door.
 16580 | Lair:8   | Paralysed by a hornet for 2 turns
 16629 | Lair:8   | Identified the +7 falchion of Innocence {slice, rPois rN+ Str+2} (You found it on level 7 of the Lair of Beasts)
 16873 | D:12     | Found a frozen archway.
 16881 | IceCv    | Entered an ice cave
 17221 | IceCv    | Reached skill level 10 in Invocations
 17329 | IceCv    | Identified a scroll of acquirement
 17807 | Orc:2    | Found a staircase to the Elven Halls.
 17853 | Orc:2    | Found Kamef's Food Shop.
 17860 | Orc:2    | Found Xajeyjosy's General Store.
 17869 | Elf:1    | Entered Level 1 of the Elven Halls
 17891 | Elf:1    | Upgraded the game from 0.18-a0-952-g309898a to 0.18-a0-960-g77c8fc5
 17906 | Elf:1    | Got an ichor-stained cloak
 17917 | Elf:1    | Identified the +2 cloak of Henotheism {*Corrode Int+4} (You acquired it on level 1 of the Elven Halls)
 18179 | Elf:1    | Reached skill level 17 in Armour
 19113 | Orc:2    | Found Riddopruarph's Gadget Shoppe.
 19165 | Orc:2    | Reached XP level 15. HP: 130/134 MP: 22/22
 19287 | Orc:2    | Found Raizikyl's Weapon Shoppe.
 19300 | Orc:2    | Found Vesien's Assorted Antiques.
 19552 | Orc:2    | Received a gift from Okawaru
 19564 | Orc:2    | Got a pitted falchion {god gift}
 19951 | D:12     | Reached skill level 18 in Armour
 20326 | D:12     | Reached skill level 15 in Long Blades
 20903 | D:12     | Identified the +1 falchion of Guilt {vamp, rPois rC+ MR- Int+4} (Okawaru gifted it to you on level 2 of the Orcish Mines)
 20987 | D:13     | Noticed Maud
 21005 | D:13     | Killed Maud
 21925 | D:14     | Received a gift from Okawaru
 21927 | D:14     | Found a gate to the Vaults.
 22070 | D:14     | Got a dazzling hat {god gift}
 22081 | D:14     | Identified the +3 hat of Prudence {rElec rF+ Regen+ SInv} (Okawaru gifted it to you on level 14 of the Dungeon)
 22124 | D:14     | Noticed Nessos
 22154 | D:14     | Killed Nessos
 22593 | D:14     | Reached XP level 16. HP: 142/145 MP: 23/23
 22730 | D:15     | Entered Level 15 of the Dungeon
 22744 | D:15     | Reached skill level 19 in Armour
 22855 | D:15     | Found a shimmering altar of Xom.
 22890 | D:15     | Got a pair of heavily runed gloves
 22912 | D:15     | Identified the +2 pair of gloves of Jint {*Confuse rElec rN+++ Str+4} (You found it on level 15 of the Dungeon)
 23241 | D:15     | Found a staircase to the Depths.
 23441 | D:15     | Received a gift from Okawaru
 25127 | Elf:2    | Received a gift from Okawaru
 25255 | Elf:2    | Got an encrusted great sword
 25256 | Elf:2    | Identified the +7 great sword of Vanity {slice, Str-5 Int+3 Stlth+} (You found it on level 2 of the Elven Halls)
 25378 | Elf:2    | Reached skill level 15 in Shields
 25615 | Elf:2    | Found a runed gate.
 25615 | Elf:2    | Found a runed gate.
 25615 | Elf:2    | Found a runed gate.
 25631 | Elf:2    | Reached skill level 15 in Fighting
 25676 | Elf:3    | Entered Level 3 of the Elven Halls
 25706 | Elf:3    | Found an ancient bone altar of Kikubaaqudgha.
 26325 | Elf:3    | Reached XP level 17. HP: 139/156 MP: 22/25
 26386 | Elf:3    | Noticed a Brimstone Fiend
 26630 | Elf:3    | Reached skill level 20 in Armour
 26721 | Elf:3    | Noticed a deep elf blademaster
 26935 | Elf:3    | Noticed an Ice Fiend
 27137 | Elf:3    | Noticed a Shadow Fiend
 27259 | Elf:3    | Noticed a deep elf master archer
 27260 | Elf:3    | Gained mutation: Scrolls take you a little longer to read. [a neqoxec]
 27469 | Elf:3    | Received a gift from Okawaru
 27504 | Elf:3    | Got a distressingly furry chain mail
 27514 | Elf:3    | Noticed a Shadow Fiend
 27559 | Elf:3    | Killed a deep elf master archer
 27561 | Elf:3    | Got a shimmering ring mail
 27586 | Elf:3    | Gained mutation: You are dopey. (Int -2) [a neqoxec]
 27625 | Elf:3    | Killed a deep elf blademaster
 27645 | Elf:3    | Got a heavily runed scale mail
 27725 | Elf:3    | Noticed a Hell Sentinel
 27726 | Elf:3    | Noticed a Shadow Fiend
 27728 | Elf:3    | Noticed a Brimstone Fiend
 27952 | Elf:3    | Noticed a Hell Sentinel
 28007 | Elf:3    | Noticed a Shadow Fiend
 28015 | Elf:3    | Gained mutation: Your spells are a little easier to cast, but a little less powerful. [a cacodemon]
 28022 | Elf:3    | Gained mutation: You are weak. (Str -2) [a cacodemon]
 28025 | Elf:3    | Gained mutation: You are frail (-10% HP). [a cacodemon]
 28081 | Elf:3    | Noticed a Hell Sentinel
 28106 | Elf:3    | Killed from afar by a Hell Sentinel

Vault maps used:
D:1:      grunt_arrival_crossed_arrows
D:2:      uniq_robin
D:3:      hangedman_ru_absence, minmay_overflow_temple_star_quad, first_bread,
          uniq_sigmund
D:4:      lemuel_round_altar, nicolae_overflow_hidden_temple,
          minmay_temple_entry_overgrown
D:5:      grunt_temple_overflow_bloody_war, serial_shops,
          nicolae_shop_overgrown_old_shop
D:6:      grunt_temple_overflow_opulence, uniq_crazy_yiuf_cottage
D:7:      fiery_altar_vehumet, kiku_gazebo_pond_becter, serial_shops,
          kennysheep_mini
D:8:      serial_shops, shop, the_bakery, uniq_maurice
D:9:      serial_shops, nicolae_shop_crystal, uniq_psyche, uniq_erolcha,
          uniq_grum
D:10:     erik_orc_1, serial_shops, nicolae_shop_waterfront,
          kennysheep_mini_moat
D:11:     lair_0_dummy
D:12:     minmay_quarter_circles, serial_ice, serial_ice_c, serial_ice_l,
          serial_ice_a, serial_ice_d, serial_ice_g,
          portal_ice_cave_entry_pillars_02
D:13:     uniq_maud
D:14:     lightli_vaults_fourway_checkpoint, small_statue_intersection,
          uniq_nessos
D:15:     grunt_enter_depths_magical_seal, kennysheep_flooded_box
Temple:   nicolae_temple_great_sept
Lair:3:   roderic_lost_polar_bear, infiniplex_staircase_pool, grunt_megastairs_3
Lair:4:   minmay_swamp_entry_worms
Lair:5:   serial_bayou_lagoon_b
Lair:6:   minmay_snake_entry_spellcaster, infiniplex_staircase_pool_2
Lair:8:   wormcave, hangedman_lair_tendril_chambers,
          minmay_slime_entry_jelly_boxes, nicolae_volcano_entry_lava_flow,
          grunt_forest_small_clearing_treed
Orc:1:    uniq_harold
Orc:2:    st_orc_open, serial_shops, nicolae_shop_behind_doors
Elf:1:    minmay_elf_arrival_plus, kennysheep_underground_church, spider_trap,
          elves_outpost_lemuel
Elf:3:    elf_hall_gauntlet_wide, basic_altar, nicolae_elf_stone_circles,
          minmay_misc_feat_columns
IceCv:    ice_cave_tombish
Volcano:  volcano_pools

Action                   |  1- 3 |  4- 6 |  7- 9 | 10-12 | 13-15 | 16-18 || total
-------------------------+-------+-------+-------+-------+-------+-------++-------
Melee: Long sword        |   116 |   205 |   138 |       |       |       ||   459
       Scimitar          |       |       |   103 |   710 |  1503 |   846 ||  3162
Invok: Heroism           |       |       |     7 |    29 |    41 |    23 ||   100
       Finesse           |       |       |       |       |     1 |     1 ||     2
Evoke: Wand              |       |     2 |       |     4 |     1 |     5 ||    12
  Use: Scroll            |       |    19 |     5 |     4 |    17 |     3 ||    48
       Potion            |       |     3 |       |     3 |     2 |     1 ||     9
 Stab: Sleeping          |       |       |       |       |     2 |       ||     2
  Eat: Chunk             |       |     7 |     9 |    26 |    28 |    15 ||    85
       Beef jerky        |       |     1 |       |     1 |     2 |       ||     4
       Pizza             |       |       |       |       |     1 |       ||     1
       Meat ration       |       |       |       |       |     1 |     1 ||     2
       Royal jelly       |       |       |       |       |       |     2 ||     2
